 Dungeon Crawl Stone Soup version 0.25-a0-292-gaa31f046c4 (webtiles) character file.

Game seed: 678542348846062940, levelgen mode: deterministic

55819 MoonlitKnight the Warrior (level 14, -8/137 HPs)
             Began as a Minotaur Berserker on Dec 15, 2019.
             Was a Priest of Trog.
             Mangled by a sun demon (21 damage)
             ... summoned by an orc high priest
             ... on level 2 of the Orcish Mines.
             The game lasted 00:49:54 (19028 turns).

MoonlitKnight the Warrior (Minotaur Berserker)     Turns: 19028, Time: 00:49:54

Health: -8/137     AC: 22    Str: 27    XL:     14   Next: 39%
Magic:  13/13      EV: 14    Int:  4    God:    Trog [***...]
Gold:   1363       SH:  0    Dex: 10    Spells: 13/13 levels left

rFire    . . .     SeeInvis .   a - +5 dire flail
rCold    . . .     Gourm    .   (shield currently unavailable)
rNeg     + . .     Faith    .   B - +3 scale mail of Past Mistakes {rElec Slay+3}
rPois    +         Spirit   .   (helmet restricted)
rElec    +         Reflect  .   v - +2 cloak
rCorr    .         Harm     .   l - +0 pair of gloves
MR       +++++     Clarity  +   R - +2 pair of boots
Stlth    ..........             b - amulet of the Four Winds {rN+ MR+++ Clar}
HPRegen  1.32/turn              U - ring of poison resistance
MPRegen  0.13/turn              (no ring)

@: berserk cooldown, regenerating, slowed, very slow
A: retaliatory headbutt, horns 2
a: Berserk, Trog's Hand, Renounce Religion


You were on level 2 of the Orcish Mines.
You worshipped Trog.
Trog was most pleased with you.
You were near starving.

You visited 3 branches of the dungeon, and saw 19 of its levels.
You also visited: Gauntlet.

You collected 1573 gold pieces.
You spent 210 gold pieces at shops.

Inventory:

Hand Weapons
 a - a +5 dire flail (weapon)
 P - the +8 war axe of Kyponuorch {venom, rF+}
   (You found it on level 6 of the Dungeon)

   It poisons the flesh of those it strikes.
   It protects you from fire.
 Q - a +2 halberd of chopping
Missiles
 o - 77 poisoned darts (quivered)
Armour
 g - a +1 large shield of protection
 l - a +0 pair of gloves (worn)
 v - a +2 cloak (worn)
 B - the +3 scale mail of Past Mistakes (worn) {rElec Slay+3}
   (You found it on level 5 of the Dungeon)

   It affects your accuracy and damage with ranged weapons and melee attacks
   (+3).
   It insulates you from electricity.
 R - a +2 pair of boots (worn)
Jewellery
 b - the amulet of the Four Winds (around neck) {rN+ MR+++ Clar}
   (You found it on level 6 of the Lair of Beasts)

   [amulet of nothing]

   It protects you from negative energy.
   It affects your resistance to hostile enchantments.
   It protects you against confusion.
 I - an uncursed amulet of faith
 N - an uncursed ring of resist corrosion
 O - an uncursed ring of protection from cold
 U - a ring of poison resistance (left hand)
Wands
 h - a wand of flame (14)
 q - a wand of enslavement (3)
 u - a wand of digging (6)
 E - a wand of iceblast (22)
 F - a wand of clouds (22)
 J - a wand of random effects (39)
 X - a wand of scattershot (6)
Scrolls
 d - 3 scrolls of enchant weapon
 f - 5 scrolls of fog
 j - 3 scrolls of blinking
 k - 6 scrolls of identify
 n - 4 scrolls of teleportation
 p - 6 scrolls of remove curse
 r - 4 scrolls of magic mapping
 s - a scroll of fear
 C - 3 scrolls of enchant armour
 H - 2 scrolls of immolation
 S - a scroll of vulnerability {unknown}
 V - a scroll of summoning {unknown}
 W - a scroll of random uselessness {unknown}
Potions
 i - 4 potions of cancellation
 m - 3 potions of agility
 t - 2 potions of ambrosia
 w - a potion of haste
 y - a potion of heal wounds
 z - 3 potions of invisibility
 G - 7 potions of curing
 K - a potion of berserk rage
 L - 3 potions of lignification
 T - 3 potions of might
Comestibles
 c - 35 rations


   Skills:
 + Level 16.2 Fighting
 - Level 12.2(14.1) Axes
 - Level 12.0(14.0) Maces & Flails
   Level 2.9 Bows
 + Level 16.0 Armour
 + Level 8.5 Dodging


You had 13 spell levels left.
You didn't know any spells.
Your spell library was empty.

Dungeon Overview and Level Annotations

Branches:
Dungeon (12/15)            Temple (0/1) D:6            Lair (6/6) D:8
  Swamp (0/4) Lair:4       Spider (0/4) Lair:2        Slime (0/5) Lair:5
    Orc (2/2) D:12            Elf (0/3) Orc:2       Gauntlet (visited)

Altars:
Dithmenos
Makhleb
Xom

Shops:
D:9 :   Orc:2 !*

Annotations:
Lair:2 1 runed translucent door, TheNamelessOne's ghost, journeyman FeFE
Lair:5 exclusion: oklob plant


Innate Abilities, Weirdness & Mutations

You reflexively headbutt those who attack you in melee.
You have a pair of horns on your head.


Message History

You impale the orc warrior!!
The orc warrior is almost dead.
The orc high priest utters an invocation to Beogh.
The orc warrior hits you but does no damage.
The sun demon hits you but does no damage.
You bludgeon the orc warrior!!
You kill the orc warrior!
Trog accepts your kill. The orc completely misses you. The sun demon hits you!!
* * * LOW HITPOINT WARNING * * *
You are engulfed in flames!
* * * LOW HITPOINT WARNING * * *
You sock the orc warrior! Your headbutt misses the orc warrior.
The orc warrior is heavily wounded.
The orc high priest hits you from afar with a +0 halberd!
* * * LOW HITPOINT WARNING * * *
The sun demon closely misses you.
Unknown command.
The sun demon hits you!!
You die...

##.. ###..### #.#....## .....
######.......### ...... ###
##..#.#.........##
...#.####.#####.....<..........##
....o##....#.4o.........##......#
o.....o.)[..o3o3#......###.......
......)....o..#o@.....## #.......
...........4o###.#.....####......
..........#...#####....##.......#
....)......#..## #.>...........##
...$).....##...#####..........##
....#.....##....# ##........##
#############..## ##......## ####
#........## #####.....<..##


You could see a soul eater, 2 orc high priests, a sun demon, a rust devil, an
orc priest and an orc wizard.

Vanquished Creatures
  Kirke (Lair:6)
  Snorg (Lair:4)
  8 hydras
  2 two-headed ogres
  6 death yaks
  Sonja (Lair:6)
  A deep elf mage (D:12)
  2 manticores (D:12)
  An orc sorcerer (Orc:2)
  An ugly thing (D:12)
  6 black mambas
  7 elephants (Lair:4)
  Maurice (D:9)
  4 spiny frogs
  7 komodo dragons
  A rime drake (Lair:6)
  2 trolls
  4 hornets (Lair:6)
  3 polar bears
  A tyrant leech (Lair:4)
  3 slime creatures (Lair:5)
  7 hippogriffs
  19 blink frogs
  A dream sheep (Lair:6)
  Sigmund (D:4)
  A wraith (D:5)
  41 yaks
  3 hogs (Lair:6)
  12 spriggans (Lair:6)
  5 basilisks
  4 hungry ghosts
  A human (D:8)
  A steam dragon (D:12)
  4 vampire mosquitoes (D:12)
  4 wargs
  Duvessa (D:4)
  18 water moccasins
  6 porcupines
  2 ice beasts (D:6)
  11 orc warriors
  2 sky beasts (D:7)
  5 ogres
  37 wolves
  5 black bears
  A phantom (D:5)
  5 boggarts (Lair:6)
  17 centaurs
  12 crocodiles
  A big kobold (D:7)
  13 bullfrogs
  A gnoll sergeant (D:9)
  Dowan (D:4)
  2 scorpions
  2 wyvern skeletons
  4 killer bees (D:9)
  4 electric eels
  4 crimson imps
  4 howler monkeys
  A bullfrog zombie (D:5)
  A gnoll shaman (D:9)
  3 jellies
  3 hounds
  Crazy Yiuf (D:4)
  2 centaur skeletons
  A bullfrog skeleton (D:8)
  13 orc wizards
  2 iguanas
  10 orc priests
  7 worker ants
  2 hell rats (Lair:1)
  Terence (D:2)
  A killer bee zombie (D:7)
  Robin (D:2)
  A worker ant zombie (D:9)
  8 adders
  7 gnolls (D:9)
  12 river rats (Lair:1)
  2 shadow imps
  3 oozes
  An adder zombie (D:6)
  An adder skeleton (D:4)
  2 worms
  3 dart slugs
  5 leopard geckos
  60 orcs
  8 bats
  7 giant cockroaches
  11 goblins
  9 hobgoblins
  3 jackals (D:2)
  8 kobolds
  2 quokkas
  6 ball pythons
  A ball python skeleton (D:4)
  3 frilled lizards (D:4)
  A leopard gecko zombie (D:6)
  2 quokka skeletons (D:4)
  4 rats
  A plant (Lair:2)
545 creatures vanquished.

Vanquished Creatures (others)
  A human (Lair:6)
  An orc (Orc:2)
  20 fungi
  16 plants
38 creatures vanquished.

Grand Total: 583 creatures vanquished

Notes
Turn   | Place    | Note
-------+----------+-------------------------------------------
     0 | D:1      | MoonlitKnight the Minotaur Berserker began the quest for
                  | the Orb.
     0 | D:1      | Reached XP level 1. HP: 19/19 MP: 0/0
   368 | D:1      | Reached XP level 2. HP: 21/27 MP: 1/1
   912 | D:2      | Reached XP level 3. HP: 31/33 MP: 2/2
   991 | D:2      | Noticed Robin
  1015 | D:2      | Reached ** piety under Trog
  1059 | D:2      | Killed Robin
  1093 | D:2      | Reached skill level 5 in Maces & Flails
  1093 | D:2      | Reached XP level 4. HP: 28/40 MP: 3/3
  1274 | D:2      | Noticed Terence
  1296 | D:2      | Killed Terence
  1741 | D:3      | Reached XP level 5. HP: 47/47 MP: 4/4
  1894 | D:3      | Reached *** piety under Trog
  2275 | D:4      | Reached skill level 5 in Fighting
  2307 | D:4      | Reached XP level 6. HP: 10/56 MP: 5/5
  3041 | D:4      | Noticed Sigmund
  3064 | D:4      | Killed Sigmund
  3154 | D:4      | Noticed Duvessa
  3156 | D:4      | Noticed Dowan
  3179 | D:4      | Killed Duvessa
  3179 | D:4      | Reached skill level 5 in Armour
  3179 | D:4      | Reached XP level 7. HP: 56/62 MP: 6/6
  3187 | D:4      | Killed Dowan
  3306 | D:4      | Found a burning altar of Makhleb.
  3348 | D:4      | Found a runed translucent door.
  3349 | D:4      | Noticed Crazy Yiuf
  3565 | D:4      | Killed Crazy Yiuf
  3616 | D:5      | Entered Level 5 of the Dungeon
  3806 | D:5      | Noticed a wraith
  3850 | D:5      | Killed a wraith
  4252 | D:5      | Reached XP level 8. HP: 65/71 MP: 7/7
  4343 | D:5      | Got a distressingly furry scale mail
  4354 | D:5      | Identified the +3 scale mail of Past Mistakes {rElec
                  | Slay+3} (You found it on level 5 of the Dungeon)
  4789 | D:6      | Got a translucent war axe
  4789 | D:6      | Identified the +8 war axe of Kyponuorch {venom, rF+} (You
                  | found it on level 6 of the Dungeon)
  4829 | D:6      | Reached skill level 1 in Axes
  4885 | D:6      | Reached **** piety under Trog
  5345 | D:6      | Found a staircase to the Ecumenical Temple.
  5438 | D:6      | Reached skill level 5 in Axes
  5567 | D:7      | Reached XP level 9. HP: 81/81 MP: 8/8
  5610 | D:7      | Found a shadowy altar of Dithmenos.
  6450 | D:8      | Reached ***** piety under Trog
  6450 | D:8      | Received a gift from Trog
  6599 | D:8      | Found a staircase to the Lair.
  7042 | Lair:1   | Entered Level 1 of the Lair of Beasts
  7103 | Lair:1   | Reached XP level 10. HP: 76/91 MP: 9/9
  7195 | Lair:1   | Noticed a black mamba
  7201 | Lair:1   | Killed a black mamba
  7443 | Lair:1   | Reached skill level 10 in Axes
  7993 | Lair:1   | Reached skill level 10 in Fighting
  8140 | Lair:2   | Noticed a four-headed hydra
  8154 | Lair:2   | Killed a four-headed hydra
  8154 | Lair:2   | Reached skill level 10 in Armour
  8223 | Lair:2   | Noticed a spiny frog
  8232 | Lair:2   | Killed a spiny frog
  8445 | Lair:2   | Noticed an eight-headed hydra
  8447 | Lair:2   | Noticed a death yak
  8457 | Lair:2   | Killed an eight-headed hydra
  8463 | Lair:2   | Killed a death yak
  8463 | Lair:2   | Reached XP level 11. HP: 38/101 MP: 10/10
  9149 | Lair:2   | Found a runed translucent door.
  9150 | Lair:2   | Found a shimmering altar of Xom.
  9150 | Lair:2   | Noticed TheNamelessOne's ghost (journeyman FeFE)
  9216 | Lair:2   | Received a gift from Trog
  9538 | Lair:2   | Reached skill level 10 in Maces & Flails
  9779 | Lair:2   | Found a hole to the Spider Nest.
 11085 | Lair:4   | Reached XP level 12. HP: 106/112 MP: 11/11
 11242 | Lair:4   | Noticed Snorg
 11258 | Lair:4   | Killed Snorg
 11280 | Lair:4   | Noticed a six-headed hydra
 11288 | Lair:4   | Killed a six-headed hydra
 11735 | Lair:4   | Found a staircase to the Swamp.
 11961 | Lair:4   | Received a gift from Trog
 12665 | Lair:5   | Found a staircase to the Slime Pits.
 13590 | Lair:6   | Entered Level 6 of the Lair of Beasts
 13594 | Lair:6   | Noticed a seven-headed hydra
 13605 | Lair:6   | Killed a seven-headed hydra
 13829 | Lair:6   | Reached XP level 13. HP: 109/124 MP: 12/12
 13896 | Lair:6   | Reached skill level 1 in Bows
 14292 | Lair:6   | Paralysed by a hornet for 3 turns
 14379 | Lair:6   | Received a gift from Trog
 14630 | Lair:6   | Found the amulet of the Four Winds {rN+ MR+++ Clar}
 14797 | Lair:6   | Reached skill level 5 in Dodging
 14801 | Lair:6   | Reached skill level 15 in Fighting
 14843 | Lair:6   | Noticed Sonja
 15071 | Lair:6   | Reached skill level 15 in Armour
 15413 | Lair:6   | Noticed Kirke
 15433 | Lair:6   | Killed Kirke
 15827 | Lair:6   | Killed Sonja
 16075 | D:9      | Reached XP level 14. HP: 113/135 MP: 13/13
 16203 | D:9      | Received a gift from Trog
 16449 | D:9      | Noticed Maurice
 16458 | D:9      | Killed Maurice
 16545 | D:9      | Found Borag's Book Boutique.
 16840 | D:10     | Entered Level 10 of the Dungeon
 16962 | D:10     | You fall into a shaft and drop 2 floors!
 17176 | D:12     | Found a staircase to the Orcish Mines.
 17239 | D:12     | Found a gate leading to a gauntlet.
 17248 | Gauntlet | Entered a Gauntlet
 17248 | Gauntlet | Found a transporter.
 17248 | Gauntlet | Found a transporter.
 17265 | Gauntlet | Found the +4 dagger "Morg" {pain, MR+ Int+5}
 17266 | Gauntlet | Found a transporter.
 17268 | Gauntlet | Found a transporter.
 17279 | Gauntlet | Found a transporter.
 17283 | Gauntlet | Found a transporter.
 17294 | Gauntlet | Found a transporter.
 17316 | Gauntlet | Found a transporter.
 17316 | Gauntlet | Noticed an entropy weaver
 17321 | Gauntlet | Found a transporter.
 17341 | Gauntlet | Found a transporter.
 17341 | Gauntlet | Found a transporter.
 17383 | Gauntlet | Found a transporter.
 17902 | D:12     | Received a gift from Trog
 18443 | Orc:1    | Entered Level 1 of the Orcish Mines
 18502 | Orc:2    | Entered Level 2 of the Orcish Mines
 18503 | Orc:2    | Found a staircase to the Elven Halls.
 18613 | Orc:2    | Found Tylomud's Tempting Trifles.
 18725 | Orc:2    | Found Qimmu's Distillery.
 18761 | Orc:2    | Bought 2 potions of might for 120 gold pieces
 18761 | Orc:2    | Bought a potion of curing for 45 gold pieces
 18761 | Orc:2    | Bought a potion of curing for 45 gold pieces
 19028 | Orc:2    | Mangled by a sun demon

Levels and vault maps discovered:
D:1:      dpeg_arrival_tiny_a, layout_loops_cross, serial_glass,
          glass_columns_a, glass_columns_b, feat_on_display, feat_on_display,
          item_on_display_a, minmay_strange_pillars,
          chequers_serial_rivers_room_a, chequers_serial_rivers_micro_d,
          minmay_tromino_i2
D:2:      layout_rooms, minmay_bisected, uniq_robin, uniq_terence
D:3:      layout_basic, first_ration, grunt_ministairs_1,
          kennysheep_generic_room_11
D:4:      layout_loops_corners, kennysheep_little_box, uniq_sigmund,
          uniq_crazy_yiuf_cottage, uniq_duvessa
D:5:      layout_gridville, minivault_25, minivault_27
D:6:      layout_basic, minmay_temple_entry_statues_fountains, minmay_crossroads
D:7:      layout_basic, nicolae_dithmenos_shadow_blocks
D:8:      layout_loops_corners, erik_lair_orcish_takeover, grunt_pizzeria
D:9:      layout_basic, serial_shops, nicolae_shop_statue_plus, uniq_maurice
D:10:     layout_loops_corners, st_stairs_7
D:12:     layout_basic, david_orc_2, gauntlet_entry_generic
Lair:1:   layout_long_grid, kennysheep_rathole, grunt_megastairs_3,
          infiniplex_staircase_pool
Lair:2:   layout_cave_pods, spider_nest_entry_web_field, ebering_ghost_xom,
          minivault_19, minmay_shattered_shrine
Lair:3:   layout_misc_corridors, columned_hall_lemuel, st_stairs_8,
          lemuel_fruit_tree, grunt_megastairs_5
Lair:4:   layout_loops_ring, minmay_swamp_entry_worms, beast_lair_carwin_9,
          serial_bayou_shore_a, uniq_snorg
Lair:5:   layout_gridlike, minmay_slime_entry_pillars, serial_bayou_pond_d,
          chequers_serial_rivers_room_a, minivault_26, minmay_lair_oklob_chamber
Lair:6:   minmay_lair_end_enchanted_forest, layout_gridlike, grunt_megastairs_1,
          serial_bayou_shore_b, uniq_kirke, uniq_sonja
Orc:1:    layout_diamond_mine, abandoned_shop, elves_outpost_lemuel
Orc:2:    st_orc_congregation, layout_diamond_mine, serial_shops,
          nicolae_shop_behind_doors, nicolae_alphabet_shops

Skill      XL: |  1  2  3  4  5  6  7  8  9 10 11 12 13 14 |
---------------+-------------------------------------------+-----
Maces & Flails | 4 5 6 7 8 9 11 12 | 12.0
Fighting       | 4 5 6 7 9 10 11 14 15 16 | 16.2
Armour         | 3 4 5 6 7 9 10 11 14 15 16 | 16.0
Axes           | 5 9 11 12 | 12.2
Bows           | 2 |  2.9
Dodging        | 7 8 |  8.5

Action                   |  1- 3 |  4- 6 |  7- 9 | 10-12 | 13-15 || total
-------------------------+-------+-------+-------+-------+-------++-------
Melee: Mace              |    21 |       |       |       |       ||    21
       Headbutt          |    15 |    42 |    48 |   104 |   121 ||   330
       Whip              |    96 |   238 |   129 |    20 |       ||   483
       War axe           |       |       |   142 |    99 |       ||   241
       Dire flail        |       |       |       |   334 |   598 ||   932
Invok: Trog's Hand       |       |       |       |     1 |     3 ||     4
       Berserk           |       |       |       |     3 |    10 ||    13
  Use: Scroll            |       |     7 |     5 |       |    12 ||    24
       Potion            |       |       |       |       |     4 ||     4
 Stab: Invisible         |       |       |     1 |       |       ||     1
  Eat: Chunk             |       |     8 |    16 |    17 |    24 ||    65
       Ration            |       |       |       |     2 |     1 ||     3
Armor: Animal skin       |     5 |       |       |       |       ||     5
       Chain mail        |    58 |    97 |    34 |       |       ||   189
       Scale mail        |       |       |    49 |   206 |   388 ||   643
Dodge: Dodged            |    28 |    24 |    35 |   157 |   425 ||   669
Block: Large shield      |    67 |   126 |   150 |    71 |       ||   414

Table legend:
 A = Non-vault XP
 B = Vault XP
 C = Vault XP percentage of total XP
 D = Non-vault monster count
 E = Vault monster count
 F = Vault count percentage of total count
                 A         B        C        D         E       F
            +---------+---------+-------+---------+---------+-------
      Total |   54341 |   25401 |  31.9 |     395 |     149 |  27.4
            +---------+---------+-------+---------+---------+-------
        D:1 |      14 |       2 |  12.5 |      10 |       1 |   9.1
        D:2 |      42 |      81 |  65.9 |      15 |      15 |  50.0
        D:3 |     146 |       3 |   2.0 |      19 |       3 |  13.6
        D:4 |     156 |     499 |  76.2 |      21 |       4 |  16.0
        D:5 |     550 |       0 |   0.0 |      12 |       0 |   0.0
        D:6 |    1058 |     121 |  10.3 |      17 |       1 |   5.6
        D:7 |    1424 |       0 |   0.0 |      30 |       0 |   0.0
        D:8 |     660 |     761 |  53.6 |      12 |       8 |  40.0
        D:9 |    3739 |     457 |  10.9 |      46 |       1 |   2.1
       D:10 |      22 |       0 |   0.0 |       4 |       0 |   0.0
       D:12 |    8436 |      24 |   0.3 |      42 |       8 |  16.0
     Lair:1 |    2175 |     223 |   9.3 |      13 |      14 |  51.9
     Lair:2 |    3906 |    3866 |  49.7 |      15 |      10 |  40.0
     Lair:3 |    4680 |     977 |  17.3 |      27 |       8 |  22.9
     Lair:4 |    7989 |    3542 |  30.7 |      31 |       9 |  22.5
     Lair:5 |    1331 |     912 |  40.7 |       7 |       5 |  41.7
     Lair:6 |   16428 |   12843 |  43.9 |      46 |      52 |  53.1
      Orc:1 |     158 |       0 |   0.0 |       1 |       0 |   0.0
      Orc:2 |    1427 |    1090 |  43.3 |      27 |      10 |  27.0
            +---------+---------+-------+---------+---------+-------
